 Dungeon Crawl Stone Soup version 0.28-a0-529-g3bad584f25 (webtiles) character file.

Game seed: 825526294251464615

191 jt the Chopper (level 6, -4/47 HPs)
             Began as a Formicid Cinder Acolyte on Sept 24, 2021.
             Was a High Priest of Ignis.
             Splashed by a jelly's acid (10 damage)
             ... on level 4 of the Dungeon.
             The game lasted 00:07:01 (3421 turns).

jt the Chopper (Formicid Cinder Acolyte)            Turns: 3421, Time: 00:07:02

Health: -4/47      AC: -2    Str: 22    XL:     6   Next: 1%
Magic:  5/7        EV:  9    Int: 14    God:    Ignis [*****.]
Gold:   926        SH:  0    Dex:  7    Spells: 3/7 levels left

rFire   + . .      SeeInvis +   a - -1 hand axe (flame)
rCold   . . .      Faith    .   (no shield)
rNeg    . . .      Spirit   .   p - +1 scale mail
rPois   .          Reflect  .   (helmet unavailable)
rElec   .          Harm     +   y - +2 cloak
rCorr   .          Rampage  .   (no gloves)
Will    .....                   (no boots)
Stlth   ..........              e - amulet of Luoxkuf {Harm Regen+ Str+3}
HPRegen 1.15/turn               (no ring)
MPRegen 0.10/turn               (no ring)

@: corroded
A: permanent stasis, dig shafts and tunnels, antennae 3, four strong arms
a: Dig, Shaft Self, Renounce Religion, Sea of Fire, Foxfire Swarm, Rising Flame


You were on level 4 of the Dungeon.
You worshipped Ignis.
Ignis was extremely pleased with you.
You visited 1 branch of the dungeon, and saw 4 of its levels.

You collected 926 gold pieces.

Inventory:

Hand Weapons
 a - a -1 hand axe of flaming (weapon)
 m - a +0 trident
 s - the +6 executioner's axe of Wismuot {flame, rF+ Dex+3}
   (You acquired it on level 4 of the Dungeon)

   It burns those it strikes, dealing additional fire damage.
   Big, fiery blades are also staple armaments of hydra-hunters.
   Dex:       It affects your dexterity (+3).
   rF:        It protects you from fire.
 u - a +0 hunting sling
Missiles
 f - 23 bolts
 i - 79 stones
 n - 54 arrows
 t - 16 sling bullets
Armour
 b - a +0 robe
 c - a +0 ring mail
 p - a +1 scale mail (worn)
 y - a +2 cloak (worn)
Jewellery
 e - the amulet of Luoxkuf (around neck) {Harm Regen+ Str+3}
   (You acquired it on level 4 of the Dungeon)

   [amulet of regeneration]

   Str:       It affects your strength (+3).
   Regen:     It increases your rate of health regeneration.
   Harm:      It increases damage dealt and taken.
Scrolls
 d - a scroll of identify {unknown}
 k - a scroll of summoning {unknown}
 o - a scroll of enchant armour
 x - a scroll of amnesia {unknown}
Potions
 g - 2 potions of lignification {unknown}
 h - a potion of attraction {unknown}
 j - a potion of might {unknown}
 l - 2 potions of curing {unknown}
 q - 3 potions of heal wounds {unknown}
 r - a potion of magic {unknown}
 v - a potion of brilliance {unknown}
 w - a potion of berserk rage {unknown}


   Skills:
 - Level 3.2 Fighting
 + Level 6.2 Axes
 - Level 1.1 Spellcasting
 - Level 3.0 Fire Magic


You had 3 spell levels left.
You knew the following spells:

 Your Spells              Type           Power      Damage    Failure   Level
a - Scorch                Fire           18%        2d6       32%         2
b - Poisonous Vapours     Pois/Air       0%         N/A       73%         2

Your spell library contained the following spells:

 Spells                   Type           Power      Damage    Failure   Level
 Sandblast                Erth           0%         2d4       58%         1
 Corpse Rot               Necr/Air       N/A        N/A       73%         2
 Passwall                 Tmut/Erth      0%         N/A       73%         2
 Stone Arrow              Conj/Erth      0%         3d7       91%         3


Dungeon Overview and Level Annotations

Branches:
Dungeon (4/15)             Temple (0/1) D:4

Altars:
Uskayaw

Shops:
D:4 :


Innate Abilities, Weirdness & Mutations

You cannot be hasted, slowed, berserked, paralysed or teleported.
You can dig through walls and to a lower floor.
You have a pair of large antennae on your head. (SInv)
Your four strong arms can wield two-handed weapons with a shield.


Message History

Your experience leads to an increase in your attributes!
Your base attributes are Str 18, Int 14, Dex 7.
Increase (S)trength, (I)ntelligence, or (D)exterity?
You feel stronger.
You start resting.
HP restored.
You start waiting.
You are no longer corroded.
Found a dagger.
Found a staircase to the Ecumenical Temple.
A jelly comes into view.
Found 18 stones.
The jelly quivers.
Casting: Scorch (dangerous; 32% risk of failure)
Confirm with . or Enter, or press ? or * to list all spells.
You miscast Scorch.
You are very lightly contaminated with residual magic.
Nothing appears to happen.
You hit the jelly. You burn the jelly. The acid corrodes you!
Your hands burn!
The jelly is heavily wounded.
The jelly hits you but does no damage.
You hit the jelly but do no damage. The acid corrodes you!
Your hands burn!
The jelly is heavily wounded.
The jelly hits you. The acid corrodes you!
You are splashed with acid!
You hit the jelly. You burn the jelly.
Your hands burn!
The jelly is severely wounded.
The jelly hits you.
You are splashed with acid!
* * * LOW HITPOINT WARNING * * *
You are too injured to fight recklessly!
You are too injured to fight recklessly!
The jelly jiggles.
The jelly hits you.
You are splashed with acid!
* * * LOW HITPOINT WARNING * * *
Your magical contamination has completely faded away.
You aren't carrying any items that you can evoke.
Okay, then.
Flames leap up around you! The jelly hits you.
* * * LOW HITPOINT WARNING * * *
You are splashed with acid!
You die...

..# # ####....# #.# .#
#.....#..
####.##.###.##.###.
..##...........<#..
#.##..#...........# #
#.##..###...#.#####
#.##v##v.# #.###.
#..vvvvv.# #.# #.
####v@##.###.###.
##J#v#......... #
##v###v####.#########
#...####.## ##.#
#.#.......# #.....#.###.##
#.#..####.#
#......#.#.#####.#...###..
##........................
.......##.######......##>.
..)..#........ ###..#.##.#


You could see a jelly (ally target).

Vanquished Creatures
  A water moccasin skeleton (D:3)
  A jelly (D:4)
  A killer bee zombie (D:4)
  An adder (D:2)
  3 worms
  4 dart slugs
  An orc (D:4)
  9 ball pythons
  5 endoplasms
  5 giant cockroaches
  7 goblins
  9 hobgoblins
  5 quokkas
  4 bats
  2 frilled lizards
  2 kobolds
  3 rats
63 creatures vanquished.

Vanquished Creatures (others)
  A plant (D:1)
1 creature vanquished.

Grand Total: 64 creatures vanquished

Notes
Turn   | Place    | Note
-------+----------+-------------------------------------------
     0 | D:1      | jt the Formicid Cinder Acolyte began the quest for the Orb.
     0 | D:1      | Reached XP level 1. HP: 18/18 MP: 2/2
   353 | D:1      | Reached XP level 2. HP: 21/24 MP: 3/3
   356 | D:1      | Learned a level 2 spell: Scorch
   771 | D:1      | Reached skill level 4 in Axes
   771 | D:1      | Reached XP level 3. HP: 22/29 MP: 4/4
  1345 | D:2      | Found a faded altar of an unknown god.
  1590 | D:2      | Reached XP level 4. HP: 14/35 MP: 5/5
  2316 | D:2      | Reached skill level 5 in Axes
  2629 | D:3      | Learned a level 2 spell: Poisonous Vapours
  2666 | D:3      | Found a hide-covered altar of Uskayaw.
  3045 | D:3      | Reached XP level 5. HP: 32/41 MP: 6/6
  3270 | D:4      | Identified 3 scrolls of acquirement
  3270 | D:4      | Acquired 838 gold pieces
  3272 | D:4      | Acquired the +6 executioner's axe of Wismuot {flame, rF+
                  | Dex+3}
  3275 | D:4      | Acquired the amulet of Luoxkuf {Harm Regen+ Str+3}
  3331 | D:4      | Found Bijank's Book Emporium.
  3387 | D:4      | Reached skill level 6 in Axes
  3387 | D:4      | Reached XP level 6. HP: 44/47 MP: 7/7
  3410 | D:4      | Found a staircase to the Ecumenical Temple.
  3421 | D:4      | Splashed by a jelly's acid

Illustrated notes

Levels and vault maps discovered:
D:1:      wander_arrival_estate, layout_loops_ring, serial_bayou_pond_a
D:2:      layout_basic, hellmonk_ecumenical_altar_pennies_from_heaven
D:3:      layout_rooms, old_standard_altar, serial_corexii_hall,
          corexii_hall_statues_l, corexii_hall_statues_u
D:4:      layout_loops_corners, nicolae_wu_jian_immortal_techniques,
          minmay_temple_entry_tees, serial_shops,
          nicolae_shop_temple_entry_statues_fountains,
          minmay_misc_feat_enclosed, minmay_misc_feat_iff

Skill      XL: |  1  2  3  4  5 |
---------------+----------------+-----
Axes           | 4 5 6 |  6.2
Fighting       | |  3.2
Spellcasting   | |  1.1
Fire Magic     | |  3.0

Action                   |  1- 3 |  4- 6 || total
-------------------------+-------+-------++-------
Melee: Hand axe          |   112 |   162 ||   274
Throw: Stone             |     1 |       ||     1
 Cast: Scorch            |     3 |     2 ||     5
Invok: Foxfire Swarm     |       |     1 ||     1
  Use: Scroll            |       |     4 ||     4
Armor: Ring mail         |    30 |     1 ||    31
       Robe              |     1 |       ||     1
       Scale mail        |       |    92 ||    92
Dodge: Dodged            |    62 |    94 ||   156

Table legend: (Time is in decaauts)
 A = Elapsed time spent in this place.
 B = Non-inter-level travel time spent in this place.
 C = Inter-level travel time spent in this place.
 D = Time resting spent in this place.
 E = Time spent auto-exploring this place.
 F = Levels seen in this place.
 G = Mean time per level.
                   A        B        C        D        E       F      G
               +--------+--------+--------+--------+--------+-----+--------+
         Total |   3442 |   3366 |     76 |   1110 |   1344 |   4 |  860.5 |
       Dungeon |   3442 |   3366 |     76 |   1110 |   1344 |   4 |  860.5 |
               +--------+--------+--------+--------+--------+-----+--------+

Top non-repeatable levels by time:
     D:1: 1598 daAuts
     D:2: 932 daAuts
     D:3: 759 daAuts
     D:4: 152 daAuts
